 Dungeon Crawl Stone Soup version 0.28-a0-1212-gc6b4282bc0 (webtiles) character file.

Game seed: 16234400843493935036

418 ChaosChampion the Insei (level 6, -3/47 HPs)
             Began as a Draconian Transmuter on Dec 21, 2021.
             Killed from afar by Duvessa (8 damage)
             ... with a puff of flame
             ... on level 5 of the Dungeon.
             The game lasted 00:05:36 (6040 turns).

ChaosChampion the Insei (Draconian Transmuter)      Turns: 6040, Time: 00:05:36

Health: -3/47      AC:  6    Str: 12    XL:     6   Next: 61%
Magic:  8/9        EV: 12    Int: 15    God:
Gold:   129        SH:  0    Dex: 12    Spells: 3/9 levels left

rFire   . . .      SeeInvis .     - Unarmed
rCold   . . .      Faith    .   (no shield)
rNeg    . . .      Spirit   .   (armour unavailable)
rPois   .          Reflect  .   (helmet currently unavailable)
rElec   .          Harm     .   (no cloak)
rCorr   .          Rampage  .   (no gloves)
Will    .....                   (boots currently unavailable)
Stlth   ..........              (no amulet)
HPRegen 0.15/turn               (no ring)
MPRegen 0.11/turn               (no ring)

@: appendages (expiring), silenced, wereblooded (expiring), hasted, very quick
A: horns 2, talons 2, AC +6, unfitting armour, cold-blooded
a: End Transformation


You were on level 5 of the Dungeon.
You had temporarily grown beastly horns and talons.
You visited 1 branch of the dungeon, and saw 5 of its levels.

You collected 129 gold pieces.

Inventory:

Missiles
 e - 4 throwing nets
Armour
 m - a +1 pair of boots of rampaging (melded)
Potions
 c - 2 potions of brilliance
 g - a potion of might {unknown}
 j - a potion of haste
 k - a potion of invisibility {unknown}
 l - a potion of resistance {unknown}


   Skills:
 - Level 1.1 Fighting
 - Level 1.7 Dodging
 * Level 6.4 Unarmed Combat
 - Level 2.0 Spellcasting
 + Level 4.3 Transmutations


You had 3 spell levels left.
You knew the following spells:

 Your Spells              Type           Power      Damage    Failure   Level
a - Beastly Appendage     Tmut           28%        N/A       3%          1
b - Wereblood             Tmut           14%        N/A       5%          2
c - Spider Form           Tmut/Pois      8%         N/A       26%         3

Your spell library contained the following spells:

 Spells                   Type           Power      Damage    Failure   Level
 Portal Projectile        Hex/Tloc       2%         N/A       54%         3
 Ice Form                 Ice/Tmut       8%         N/A       65%         4
 Blade Hands              Tmut           7%         N/A       71%         5
 Excruciating Wounds      Necr           0%         N/A       99%         5


Dungeon Overview and Level Annotations

Branches:
Dungeon (4/15)
 Temple: D:4-7

Altars:

Annotations:
D:5 Dowan, Duvessa


Innate Abilities, Weirdness & Mutations

You have temporarily grown beastly horns and talons.
Your plain brown scales are hard. (AC +6)
You cannot fit into any form of body armour.
You are cold-blooded and may be slowed by cold attacks.


Message History

You howl as the wereblood boils in your veins!
You howl as the wereblood boils in your veins!
Duvessa zaps a wand.
The puff of flame hits you.
* * * LOW HITPOINT WARNING * * *
Your transformation is almost over.
As you read the scroll labelled RIUFFU LUJEXZOCK, it crumbles to dust.
It is a scroll of amnesia.
Really abort (and waste the scroll)? [Y]es or [N]o only, please.
Really abort (and waste the scroll)?
Okay, then.
As you read the scroll labelled XOCUTROEVA, it crumbles to dust.
You speak a Word of immense power!
It was a scroll of holy word.
As you read the scroll labelled XEOSHA PACK, it crumbles to dust.
A profound silence engulfs you.
It was a scroll of silence.
You cannot cast spells when silenced!
You hit the black bear.
The black bear is lightly wounded.
Your primal bloodlust is almost over.
You punch the black bear!
You claw the black bear, but do no damage.
Your headbutt misses the black bear. You tail-slap the black bear.
The black bear is severely wounded.
You hit the black bear. You claw the black bear.
Your headbutt misses the black bear.
The black bear is almost dead.
The black bear bites you.
* * * LOW HITPOINT WARNING * * *
The black bear claws you.
* * * LOW HITPOINT WARNING * * *
The black bear claws you.
* * * LOW HITPOINT WARNING * * *
You hit the black bear.
You feel a bit better.
You kill the black bear!
You hit Duvessa. You claw Duvessa, but do no damage.
Duvessa is lightly wounded.
You punch Duvessa!
Duvessa is moderately wounded.
Duvessa zaps a wand.
The puff of flame hits you!
You die...

........Z.#.#
.##.#.#.###.#
#.##.#.# #
#.##h#e######
#.............
#......#######
#Z###### #e#
#@# ###


You could see Duvessa and a centaur skeleton.

Vanquished Creatures
  A black bear (D:5)
  An ogre (D:3)
  A bullfrog skeleton (D:4)
  An iguana (D:4)
  8 adders
  4 worms
  2 dart slugs (D:3)
  12 orcs
  7 ball pythons
  5 endoplasms
  7 giant cockroaches
  6 hobgoblins
  6 jackals (D:1)
  3 quokkas
  6 bats
  6 frilled lizards
  6 goblins
  8 kobolds
  5 rats
95 creatures vanquished.

Notes
Turn   | Place    | Note
-------+----------+-------------------------------------------
     0 | D:1      | ChaosChampion the Draconian Transmuter began the quest for
                  | the Orb.
     0 | D:1      | Reached XP level 1. HP: 16/16 MP: 3/3
   206 | D:1      | Found a faded altar of an unknown god.
   642 | D:1      | Reached XP level 2. HP: 18/23 MP: 3/5
  1633 | D:1      | Reached XP level 3. HP: 28/28 MP: 6/6
  1636 | D:1      | Learned a level 2 spell: Wereblood
  1640 | D:1      | Learned a level 3 spell: Spider Form
  1825 | D:2      | Reached skill level 4 in Unarmed Combat
  2938 | D:2      | Reached XP level 4. HP: 29/35 MP: 4/7
  3902 | D:3      | Noticed an ogre
  3919 | D:3      | Killed an ogre
  3920 | D:3      | Reached skill level 5 in Unarmed Combat
  3920 | D:3      | Reached XP level 5. HP: 40/40 MP: 1/8
  4802 | D:4      | HP: 1/40 [iguana (10)]
  5653 | D:4      | Reached XP level 6. HP: 42/47 MP: 9/9
  5774 | D:4      | Reached skill level 6 in Unarmed Combat
  5975 | D:4      | You fall into a shaft and drop 1 floor!
  5975 | D:5      | Entered Level 5 of the Dungeon
  5975 | D:5      | Noticed Duvessa
  5977 | D:5      | Noticed Dowan
  6040 | D:5      | Killed from afar by Duvessa

Illustrated notes

Levels and vault maps discovered:
D:1:      dpeg_arrival_chambers_temple_mockup, layout_loops_ring,
          ebering_ecumenical_altar_hall
D:2:      layout_basic, minmay_misc_feat_pillars
D:3:      layout_basic, grunt_decor_resistance, minmay_ruptured
D:4:      layout_loops_ring, bh_walls_and_bars
D:5:      layout_basic, mainiacjoe_overflow_large_starburst, uniq_duvessa

Skill      XL: |  1  2  3  4  5  6 |
---------------+-------------------+-----
Unarmed Combat | 4 5 6 |  6.4
Transmutations | 3 4 |  4.3
Fighting       | |  1.1
Dodging        | |  1.7
Spellcasting   | |  2.0

Action                   |  1- 3 |  4- 6 || total
-------------------------+-------+-------++-------
Melee: Unarmed           |   178 |   175 ||   353
       Kick              |    11 |    20 ||    31
       Tailslap          |    12 |    15 ||    27
       Headbutt          |     2 |    12 ||    14
       Punch             |       |     3 ||     3
 Cast: Beastly Appendage |    12 |    17 ||    29
       Wereblood         |     1 |     9 ||    10
       Spider Form       |       |     3 ||     3
  Use: Scroll            |       |     9 ||     9
       Potion            |       |     1 ||     1
Armor: Skin              |    47 |    48 ||    95
Dodge: Dodged            |   129 |    89 ||   218

Table legend: (Time is in decaauts)
 A = Elapsed time spent in this place.
 B = Non-inter-level travel time spent in this place.
 C = Inter-level travel time spent in this place.
 D = Time resting spent in this place.
 E = Time spent auto-exploring this place.
 F = Levels seen in this place.
 G = Mean time per level.
                   A        B        C        D        E       F      G
               +--------+--------+--------+--------+--------+-----+--------+
         Total |   6006 |   5909 |     97 |   1191 |   3937 |   5 | 1201.2 |
       Dungeon |   6006 |   5909 |     97 |   1191 |   3937 |   5 | 1201.2 |
               +--------+--------+--------+--------+--------+-----+--------+

Top non-repeatable levels by time:
     D:3: 1736 daAuts
     D:1: 1700 daAuts
     D:2: 1575 daAuts
     D:4: 936 daAuts
     D:5: 57 daAuts
